 Dungeon Crawl Stone Soup version 0.29.1-4-g47bece8355 (webtiles) character file.

Game seed: 9737956675887691892

17 hawla the Gusty (level 3, 0/26 HPs)
             Began as a Meteoran Air Elementalist on Dec 10, 2022.
             Frozen to death by an endoplasm (1 damage)
             ... on level 1 of the Dungeon.
             The game lasted 00:02:16 (288 turns).

hawla the Gusty (Meteoran Air Elementalist)          Turns: 288, Time: 00:02:17

Health: 0/26       AC:  2    Str:  3 (6)  XL:     3   Next: 2%
Magic:  1/8        EV: 12    Int: 21 (23) God:
Gold:   23         SH:  0    Dex: 10 (13) Spells: 4/7 levels left

rFire   . . .      SeeInvis .   (no weapon)
rCold   . . .      Faith    .   (no shield)
rNeg    . . .      Spirit   .   a - +0 robe
rPois   .          Reflect  .   (no helmet)
rElec   .          Harm     .   (no cloak)
rCorr   .          Rampage  .   (no gloves)
Will    .....                   (no boots)
Stlth   +.........              (no amulet)
HPRegen 0.08/turn               (no ring)
MPRegen 0.11/turn               (no ring)

@: glowing
A: sense surroundings 2, otherworldly, glowing, explore regen, hooves 1, clever
1, weak 1
a: no special abilities


You were on level 1 of the Dungeon.
You visited 1 branch of the dungeon, and saw 1 of its levels.

You collected 23 gold pieces.

Inventory:

Armour
 a - a +0 robe (worn)
Jewellery
 g - a +6 ring of strength
Scrolls
 c - a scroll of identify
Potions
 b - a potion of magic
 d - a potion of mutation
 e - a potion of curing


   Skills:
 + Level 2.6 Dodging
 - Level 1.4 Stealth
 + Level 2.9 Spellcasting
 + Level 1.5 Conjurations
 + Level 4.3 Air Magic


You had 4 spell levels left.
You knew the following spells:

 Your Spells              Type           Power      Damage    Failure   Level
a - Shock                 Conj/Air       60%        1d6       4%          1
b - Static Discharge      Conj/Air       15%        3-5/arc   6%          2

Your spell library contained the following spells:

 Spells                   Type           Power      Damage    Failure   Level
 Swiftness                Air            21%        N/A       7%          3
 Airstrike                Air            10%        2d(2-18)  22%         4


Dungeon Overview and Level Annotations

Branches:
Dungeon (1/15) Zot: 310

Altars:


Innate Abilities, Weirdness & Mutations

You passively map the area around you.
You are easily found by Zot.
You glow in the dark.
You regain HP and MP as you explore.
You have large cloven feet.
Your mind is acute. (Int +4, Str/Dex -1)
You are weak. (Str -2)


Message History

Unknown command.
You barely miss the kobold. The kobold barely misses you.
You closely miss the kobold.
The kobold hits you with a +0 short sword.
You completely miss the kobold.
The kobold hits you with a +0 short sword.
You barely miss the kobold.
The kobold hits you with a +0 short sword.
You hit the kobold but do no damage.
The kobold hits you with a +0 short sword.
The kobold hits you with a +0 short sword.
* * * LOW HITPOINT WARNING * * *
The kobold attacks as you move away!
The kobold hits you with a +0 short sword.
* * * LOW HITPOINT WARNING * * *
It was a potion of mutation.
You feel extremely strange.
You feel clever.
Your feet thicken and deform.
You feel weaker.
Your attunement to dungeon structure grows.
The endoplasm barely misses you.
The kobold hits you with a +0 short sword.
* * * LOW HITPOINT WARNING * * *
It was a potion of curing.
You feel better. The endoplasm freezes you.
You are frozen.
* * * LOW HITPOINT WARNING * * *
The kobold closely misses you.
It was a potion of degeneration.
There was something very wrong with that liquid.
You feel weakened.
You feel dopey.
You feel clumsy. The endoplasm freezes you.
You are frozen.
* * * LOW HITPOINT WARNING * * *
The kobold hits you but does no damage.
As you read the scroll labelled CUICZE QUAT BATS, it crumbles to dust.
It is a scroll of identify.
You don't have any unidentified items.
The kobold misses you. The endoplasm freezes you.
You are frozen.
You die...

# #.##.~≈≈≈≈# * ** ,
#.#.###≈###≈####... > *
** #.#.###≈≈≈≈≈##....#*
,, #....##≈≈#≈≈##.##.# *
###..#.≈≈#≈≈##.##.# * ,
#....≈≈#≈~.#.##.# *
#..#.≈≈≈≈~.#.##.#* ,
#..##≈###≈...##.# ,*
#..##~~~~~...@K.##§ ,
#.....†.......J.†§§§.§.,
##.............###§§§..
########......# #§## *
##.###.# ..,, #.# #... *
* * #.# #.### #.. ..#
###* *


You could see an endoplasm and a kobold.

Vanquished Creatures
  A bat (D:1)
  A giant cockroach (D:1)
  2 goblins (D:1)
  3 hobgoblins (D:1)
  2 kobolds (D:1)
  2 quokkas (D:1)
  4 rats (D:1)
15 creatures vanquished.

Notes
Turn   | Place    | Note
-------+----------+-------------------------------------------
     0 | D:1      | hawla the Meteoran Air Elementalist began the quest for the
                  | Orb.
     0 | D:1      | Reached XP level 1. HP: 14/14 MP: 5/5
   140 | D:1      | Reached XP level 2. HP: 20/20 MP: 1/6
   143 | D:1      | Learned a level 2 spell: Static Discharge
   161 | D:1      | Reached skill level 4 in Air Magic
   277 | D:1      | Reached XP level 3. HP: 23/26 MP: 1/8
   285 | D:1      | Gained mutation: Your mind is acute. (Int +4, Str/Dex -1)
                  | [potion of mutation]
   285 | D:1      | Gained mutation: You have large cloven feet. [potion of
                  | mutation]
   285 | D:1      | Gained mutation: You are weak. (Str -2) [potion of
                  | mutation]
   285 | D:1      | Gained mutation: You passively map the area around you.
                  | [potion of mutation]
   285 | D:1      | HP: 1/26 [kobold/+0 short sword (2)]
   288 | D:1      | Frozen to death by an endoplasm

Illustrated notes

Levels and vault maps discovered:
D:1:      lemuel_arrival_funnel, layout_loops_ring,
          ebering_ecumenical_altar_mist, minmay_crystal_water

Skill      XL: |  1  2 |
---------------+-------+-----
Air Magic      | 4 |  4.3
Dodging        | |  2.6
Stealth        | |  1.4
Spellcasting   | |  2.9
Conjurations   | |  1.5

Action                   || total
-------------------------++-------
Melee: Unarmed           ||    16
       Punch             ||     1
 Cast: Shock             ||    28
  Use: Potion            ||     3
       Scroll            ||     1
Armor: Robe              ||     5
Dodge: Dodged            ||    13
